 Dungeon Crawl Stone Soup version 0.28-a0-2-g643f2454ad (webtiles) character file.

Game seed: 14647028536604139888

133 zero the Conjurer (level 5, 0/32 HPs)
             Began as a Gargoyle Conjurer on July 22, 2021.
             Slain by a ball python (3 damage)
             ... on level 2 of the Dungeon.
             The game lasted 00:02:08 (1807 turns).

zero the Conjurer (Gargoyle Conjurer)               Turns: 1807, Time: 00:02:08

Health: 0/32       AC:  7    Str: 17    XL:     5   Next: 16%
Magic:  0/9        EV:  8    Int: 19    God:
Gold:   51         SH:  0    Dex:  8    Spells: 3/10 levels left

rFire   + . .      SeeInvis .   e - +0 trident
rCold   + . .      Faith    .   (no shield)
rNeg    + . .      Spirit   .   a - +0 robe
rPois   ∞          Reflect  .   h - +0 helmet
rElec   +          Harm     .   f - scarf {rC+ rF+}
rCorr   .          Rampage  .   (no gloves)
Will    .....                   (no boots)
Stlth   ++........              (no amulet)
HPRegen 0.10/turn               g - +6 ring of strength
MPRegen 0.11/turn               (no ring)

@: very slightly contaminated, constricted
A: sickness immunity, AC +4, negative energy resistance 1, electricity
resistance, torment resistance 1, petrification resistance
a: no special abilities


You were on level 2 of the Dungeon.
You visited 1 branch of the dungeon, and saw 2 of its levels.

You collected 51 gold pieces.

Inventory:

Hand Weapons
 e - a +0 trident (weapon)
Missiles
 b - 3 boomerangs
 c - 9 poisoned darts
Armour
 a - a +0 robe (worn)
 f - a scarf of resistance (worn)
 h - a +0 helmet (worn)
Magical Staves
 j - a staff of poison
Jewellery
 g - a +6 ring of strength (left hand)
 p - a +4 ring of evasion
Scrolls
 i - 4 scrolls of identify {unknown}
 k - a scroll of teleportation {unknown}
 q - a scroll of amnesia {unknown}
Potions
 d - 2 potions of might {unknown}
 l - a potion of heal wounds {unknown}
 m - a potion of ambrosia {unknown}
 n - a potion of flight {unknown}
 o - a potion of curing {unknown}


   Skills:
 - Level 3.0 Fighting
 - Level 1.5 Dodging
 + Level 3.8 Stealth
 + Level 3.1 Spellcasting
 - Level 4.3 Conjurations


You had 3 spell levels left.
You knew the following spells:

 Your Spells              Type           Power      Damage    Failure   Level
a - Magic Dart            Conj           76%        1d6       2%          1
b - Searing Ray           Conj           38%        3d4       3%          2
c - Iskenderun's Mystic   Conj/Tloc      11%        2d4       52%         4

Your spell library contained the following spells:

 Spells                   Type           Power      Damage    Failure   Level
 Apportation              Tloc           4%         N/A       16%         1
 Dazzling Flash           Conj/Hex       22%        N/A       19%         3
 Fulminant Prism          Conj/Hex       5%         3d7       52%         4
 Alistair's Intoxication  Tmut/Pois      1%         N/A       99%         5
 Invisibility             Hex            1%         N/A       100%        6


Dungeon Overview and Level Annotations

Branches:
Dungeon (2/15)

Altars:


Innate Abilities, Weirdness & Mutations

You are immune to sickness and miasma.
Your stone body is resilient. (AC +4)
You are immune to poison.
You resist negative energy. (rN+)
You are resistant to electric shocks. (rElec)
You are resistant to unholy torment.
You are immune to petrification.


Message History

Natasha is heavily wounded.
The ball python closely misses you. The ball python constricts you.
The ball python closely misses you. The ball python constricts you.
The searing ray hits Natasha.
Natasha is almost dead.
Natasha casts a spell at you. The magic dart hits you.
* * * LOW HITPOINT WARNING * * *
The ball python bites you but does no damage.
The ball python constricts you.
The searing ray hits Natasha.
You kill Natasha!
Natasha growls in agony!
You finish channeling your searing ray.
The ball python bites you.
* * * LOW HITPOINT WARNING * * *
The ball python constricts you.
Your Spellcasting skill increases to level 3!
You have reached level 5!
You escape the ball python's grasp.
There is an open door here.
Casting: Searing Ray (safe; 3% risk of failure)
Confirm with . or Enter, or press ? or * to list all spells.
Aiming: Searing Ray (safe; 3% risk of failure)
Press: ? - help, Shift-Dir - straight line, f - ball python
Aim: a ball python (75% to hit)
You miscast Searing Ray.
You are very lightly contaminated with residual magic.
Nothing appears to happen.
The ball python bites you.
* * * LOW HITPOINT WARNING * * *
The ball python grabs you. The ball python constricts you.
The ball python bites you but does no damage.
The ball python constricts you.
You hit the ball python.
The ball python is moderately wounded.
The ball python bites you.
* * * LOW HITPOINT WARNING * * *
The ball python constricts you. The ball python closely misses you.
The ball python constricts you.
You closely miss the ball python. The ball python bites you.
You die...

#...!.# #.#.#######
#.....# #>.........
#.....# #.#.....†##
..... #.#......# ...
##'#...^..# #l#
#.........# #l#
#.†..######
####S#####....#######
#...@...##..(........
#.......##....#######
#.......##....#
#.......##....#
#.......##....#
#.......#####)#
##.......# #.#
#........### #.#
#..........#
#.#######


You could see a ball python and 2 frilled lizards.

Vanquished Creatures
  Natasha (twice) (D:2)
  4 adders (D:2)
  2 worms (D:2)
  2 dart slugs
  2 ball pythons
  5 bats
  3 endoplasms (D:1)
  A hobgoblin (D:2)
  5 jackals (D:1)
  3 frilled lizards
  6 goblins
  2 kobolds (D:2)
  3 rats
40 creatures vanquished.

Vanquished Creatures (others)
  9 plants (D:1)
9 creatures vanquished.

Grand Total: 49 creatures vanquished

Notes
Turn   | Place    | Note
-------+----------+-------------------------------------------
     0 | D:1      | zero the Gargoyle Conjurer began the quest for the Orb.
     0 | D:1      | Reached XP level 1. HP: 10/10 MP: 3/3
   153 | D:1      | Reached skill level 1 in Fighting
   206 | D:1      | Reached XP level 2. HP: 15/17 MP: 0/5
   356 | D:1      | Learned a level 2 spell: Searing Ray
   598 | D:1      | Reached XP level 3. HP: 16/22 MP: 0/6
  1382 | D:2      | Reached XP level 4. HP: 28/28 MP: 7/7
  1387 | D:2      | Learned a level 4 spell: Iskenderun's Mystic Blast
  1791 | D:2      | Noticed Natasha
  1795 | D:2      | Killed Natasha
  1795 | D:2      | Noticed Natasha
  1801 | D:2      | Killed Natasha
  1802 | D:2      | Reached XP level 5. HP: 7/32 MP: 2/9
  1807 | D:2      | Slain by a ball python

Illustrated notes

Levels and vault maps discovered:
D:1:      roderic_crop_circles_arrival_small, layout_basic, minmay_pentomino_t4
D:2:      layout_basic, ebering_ecumenical_altar_ruins, uniq_natasha

Skill      XL: |  1  2  3  4 |
---------------+-------------+-----
Fighting       | 1 2 3 |  3.0
Stealth        | 3 |  3.8
Spellcasting   | 3 |  3.1
Dodging        | |  1.5
Conjurations   | |  4.3

Action                   |  1- 3 |  4- 6 || total
-------------------------+-------+-------++-------
Melee: Trident           |    61 |    26 ||    87
       Unarmed           |    14 |       ||    14
 Cast: Magic Dart        |    35 |    14 ||    49
       Searing Ray       |     2 |     2 ||     4
 Stab: Sleeping          |     2 |       ||     2
Armor: Robe              |    36 |     7 ||    43
Dodge: Dodged            |    57 |    17 ||    74

Table legend: (Time is in decaauts)
 A = Elapsed time spent in this place.
 B = Non-inter-level travel time spent in this place.
 C = Inter-level travel time spent in this place.
 D = Time resting spent in this place.
 E = Time spent auto-exploring this place.
 F = Levels seen in this place.
 G = Mean time per level.
                   A        B        C        D        E       F      G
               +--------+--------+--------+--------+--------+-----+--------+
         Total |   1831 |   1819 |     12 |    266 |   1185 |   2 |  915.5 |
       Dungeon |   1831 |   1819 |     12 |    266 |   1185 |   2 |  915.5 |
               +--------+--------+--------+--------+--------+-----+--------+

Top non-repeatable levels by time:
     D:1: 1105 daAuts
     D:2: 726 daAuts
